 Dungeon Crawl Stone Soup version 0.28-a0-664-gc179e30c89 (webtiles) character file.

Game seed: 5833387554333424916

114 Sabo the Skirmisher (level 4, -8/31 HPs)
             Began as a Demonspawn Fighter on Oct 16, 2021.
             Was a Believer of Hepliaklqana.
             Mangled by Edmund (9 damage)
             ... on level 4 of the Dungeon.
             The game lasted 00:20:30 (3390 turns).

Sabo the Skirmisher (Demonspawn Fighter)            Turns: 3390, Time: 00:20:30

Health: -8/31      AC: 12    Str: 17    XL:     4   Next: 67%
Magic:  4/4        EV:  4    Int:  9    God:    Hepliaklqana [**....]
Gold:   120        SH: 12    Dex: 13    Spells: 3/3 levels left

rFire   . . .      SeeInvis .   a - +0 war axe
rCold   + . .      Faith    .   q - +0 kite shield
rNeg    . . .      Spirit   .   s - +0 chain mail
rPois   .          Reflect  .   e - +1 helmet
rElec   .          Harm     .   g - +0 cloak
rCorr   .          Rampage  .   (no gloves)
Will    .....                   (no boots)
Stlth   ..........              n - amulet of magic regeneration
HPRegen 0.10/turn               t - ring of protection from cold
MPRegen 0.34/turn               (no ring)

@: mighty
A: reduced essence, claws 1, condensation shield
a: Renounce Religion, Recall Ancestor, Ancestor Identity


You were on level 4 of the Dungeon.
You worshipped Hepliaklqana.
Hepliaklqana was pleased with you.
You visited 1 branch of the dungeon, and saw 4 of its levels.

You collected 120 gold pieces.

Inventory:

Hand Weapons
 a - a +0 war axe (weapon)
 j - a +0 hunting sling
Missiles
 i - 83 arrows
 p - 23 sling bullets
 r - 3 boomerangs (quivered)
 v - 10 poisoned darts
Armour
 e - a +1 helmet (worn)
 g - a +0 cloak (worn)
 q - a +0 kite shield (worn)
 s - a +0 chain mail (worn)
Jewellery
 n - an amulet of magic regeneration (around neck)
 t - a ring of protection from cold (left claw)
Scrolls
 k - 2 scrolls of teleportation
 o - a scroll of fear
 u - a scroll of fog
Potions
 c - 2 potions of curing {unknown}
 d - 2 potions of might
 f - a potion of lignification {unknown}
 l - a potion of cancellation {unknown}
 m - a potion of haste {unknown}


   Skills:
 + Level 3.5 Fighting
 + Level 3.2 Axes
 + Level 3.1 Armour
 + Level 0.3 Dodging
 + Level 0.6 Stealth
 + Level 3.1 Shields


You had 3 spell levels left.
You didn't know any spells.
Your spell library contained the following spells:

 Spells                   Type           Power      Damage    Failure   Level
 Animate Skeleton         Necr           0%         N/A       100%        1
 Apportation              Tloc           0%         N/A       100%        1
 Summon Small Mammal      Summ           0%         N/A       100%        1


Dungeon Overview and Level Annotations

Branches:
Dungeon (4/15)
 Temple: D:4-7

Altars:
Hepliaklqana

Annotations:
D:4 Edmund


Innate Abilities, Weirdness & Mutations

Your life essence is reduced to manifest your ancestor. (-10% HP)
You have sharp fingernails.
A meltable shield of frost defends you. (SH +4)


Message History

You block Edmund's attack. Edmund hits you but does no damage.
You hit Edmund.
Edmund is lightly wounded.
Edmund says, "I'm quite good with sums, too."
You block Edmund's attack.
Edmund hits you with a +2 flail of holy wrath.
You convulse.
You hit Edmund.
Edmund is lightly wounded.
You hit the dart slug. Edmund hits you but does no damage.
The dart slug bites you but does no damage.
Your chain mail prevents you from hitting Edmund.
Edmund is lightly wounded.
You slash the dart slug!
You kill the dart slug!
Edmund barely misses you.
Ramose gestures at Edmund while chanting.
Edmund resists with some effort.
You block Edmund's attack.
You feel very mighty all of a sudden. You block Edmund's attack.
You slash Edmund!
Edmund is moderately wounded.
Edmund hits you with a +2 flail of holy wrath.
You convulse.
You barely miss Edmund.
Edmund is moderately wounded.
You block Edmund's attack. Edmund hits you but does no damage.
You hit Edmund.
Edmund is moderately wounded.
Edmund hits you with a +2 flail of holy wrath!
You convulse!
* * * LOW HITPOINT WARNING * * *
Ramose gestures at Edmund while chanting.
Edmund resists with some effort.
You block Edmund's attack.
You closely miss Edmund.
Edmund is moderately wounded.
Edmund hits you with a +2 flail of holy wrath!
* * * LOW HITPOINT WARNING * * *
You convulse!
You die...

.........#
##..###..#
#.. #.## #.
#.# . #.#
##.# ###..#
#R..## #@###
#...!.@...#
#...(..$..#
#.........#
#.........#
.(<........#
####..######
...


You could see the friendly Ramose the hexer and Edmund (ally target).

Vanquished Creatures
  3 adders
  A worm (D:2)
  2 dart slugs
  2 orcs (D:3)
  3 endoplasms
  2 giant cockroaches
  2 goblins
  9 hobgoblins
  3 jackals (D:3)
  2 quokkas
  4 ball pythons
  2 bats
  2 frilled lizards
  4 kobolds
  4 rats
45 creatures vanquished.

Vanquished Creatures (collateral kills)
  An adder (D:3)
  A white imp (D:3)
  A worm (D:2)
  A dart slug (D:2)
  An orc (D:3)
  A giant cockroach (D:4)
  A quokka (D:2)
  A frilled lizard (D:2)
  A kobold (D:2)
  2 rats
11 creatures vanquished.

Vanquished Creatures (others)
  4 demonic plants (D:1)
  A fungus (D:1)
  2 plants (D:1)
  9 withered plants (D:1)
16 creatures vanquished.

Grand Total: 72 creatures vanquished

Notes
Turn   | Place    | Note
-------+----------+-------------------------------------------
     0 | D:1      | Sabo the Demonspawn Fighter began the quest for the Orb.
     0 | D:1      | Reached XP level 1. HP: 18/18 MP: 1/1
   235 | D:1      | Gained mutation: A meltable shield of frost defends you.
                  | (SH +4) [demonic ancestry]
   235 | D:1      | Reached XP level 2. HP: 24/24 MP: 2/2
   681 | D:1      | Found a faded altar of an unknown god.
   736 | D:1      | Prayed at the altar of an unknown god.
   736 | D:1      | Became a worshipper of Hepliaklqana the Forgotten
   736 | D:1      | Reached * piety under Hepliaklqana
  1211 | D:2      | Reached XP level 3. HP: 26/26 MP: 3/3
  2069 | D:3      | Reached ** piety under Hepliaklqana
  2070 | D:3      | Remembered your ancestor Ramose as a hexer
  2084 | D:3      | Discovered your monstrous ancestry.
  2084 | D:3      | Gained mutation: You have sharp fingernails. [demonic
                  | ancestry]
  2084 | D:3      | Reached XP level 4. HP: 31/31 MP: 4/4
  3380 | D:4      | Noticed Edmund
  3390 | D:4      | HP: 1/31 [Edmund (7)]
  3390 | D:4      | Mangled by Edmund

Illustrated notes

Levels and vault maps discovered:
D:1:      lightli_arrival_windingriver, layout_basic,
          shapermc_ecumenical_altar_gd, minmay_pentomino_s2
D:2:      layout_basic
D:3:      layout_basic, ebering_dispersal_statue_hall, grunt_ministairs_12
D:4:      layout_rooms, minmay_goblin_kobold_house, uniq_edmund

Skill      XL: |  1  2  3  4 |
---------------+-------------+-----
Shields        | 3 |  3.1
Axes           | 2 3 |  3.2
Armour         | 3 |  3.1
Fighting       | |  3.5
Dodging        | |  0.3
Stealth        | |  0.6

Action                   |  1- 3 |  4- 6 || total
-------------------------+-------+-------++-------
Melee: War axe           |    99 |    37 ||   136
Throw: Boomerang         |       |     3 ||     3
Invok: Ancestor Life: He |     1 |       ||     1
       Ancestor Identity |     1 |       ||     1
  Use: Scroll            |     1 |     3 ||     4
       Potion            |       |     1 ||     1
 Stab: Distracted        |     1 |     1 ||     2
Armor: Scale mail        |    41 |       ||    41
       Chain mail        |       |    16 ||    16
Dodge: Dodged            |    34 |     7 ||    41
Block: Buckler           |    36 |       ||    36
       Kite shield       |    12 |    19 ||    31

Table legend: (Time is in decaauts)
 A = Elapsed time spent in this place.
 B = Non-inter-level travel time spent in this place.
 C = Inter-level travel time spent in this place.
 D = Time resting spent in this place.
 E = Time spent auto-exploring this place.
 F = Levels seen in this place.
 G = Mean time per level.
                   A        B        C        D        E       F      G
               +--------+--------+--------+--------+--------+-----+--------+
         Total |   3462 |   3462 |      0 |    287 |      0 |   4 |  865.5 |
       Dungeon |   3462 |   3462 |      0 |    287 |      0 |   4 |  865.5 |
               +--------+--------+--------+--------+--------+-----+--------+

Top non-repeatable levels by time:
     D:3: 1353 daAuts
     D:1: 1074 daAuts
     D:2: 948 daAuts
     D:4: 85 daAuts
